 Dungeon Crawl Stone Soup version 0.28-a0-1567-g1695149f81 (webtiles) character file.

Game seed: 14592171788874833969

769 joncairnes the Slasher (level 7, -5/61 HPs)
             Began as a Minotaur Fighter on Jan 17, 2022.
             Was a Priest of Lugonu.
             Slain by a gnoll (7 damage)
             ... on level 5 of the Dungeon on Jan 19, 2022.
             The game lasted 01:29:32 (3108 turns).

joncairnes the Slasher (Minotaur Fighter)           Turns: 3108, Time: 01:29:33

Health: -5/61      AC: 11    Str: 29    XL:     7   Next: 52%
Magic:  5/6        EV:  8    Int:  5    God:    Lugonu [***...]
Gold:   132        SH:  4    Dex:  9    Spells: 6/6 levels left

rFire   . . .      SeeInvis .   i - +0 falchion
rCold   . . .      Faith    .   c - +0 buckler
rNeg    . . .      Spirit   .   h - +0 chain mail
rPois   .          Reflect  .   (helmet restricted)
rElec   .          Harm     .   (no cloak)
rCorr   .          Rampage  .   (no gloves)
Will    .....                   r - +0 pair of boots
Stlth   ..........              (no amulet)
HPRegen 0.20/turn               q - +6 ring of strength
MPRegen 0.10/turn               (no ring)

@: no status effects
A: horns 2, retaliatory headbutt
a: Renounce Religion, Depart the Abyss, Bend Space, Banish


You were on level 5 of the Dungeon.
You worshipped Lugonu.
Lugonu was most pleased with you.
You visited 1 branch of the dungeon, and saw 5 of its levels.

You collected 132 gold pieces.

Inventory:

Hand Weapons
 a - a +0 long sword
 i - a +0 falchion (weapon)
 l - a +0 hunting sling
Missiles
 f - 27 arrows
 s - 18 bolts
 x - 17 sling bullets
Armour
 c - a +0 buckler (worn)
 h - a +0 chain mail (worn)
 r - a +0 pair of boots (worn)
Jewellery
 q - a +6 ring of strength (left hand)
Wands
 k - a wand of flame (17)
Scrolls
 g - 2 scrolls of identify
 u - a scroll of vulnerability
Potions
 e - a potion of resistance {unknown}
 p - a potion of flight {unknown}
 t - a potion of degeneration {unknown}
 w - a potion of attraction


   Skills:
 + Level 5.3 Fighting
 + Level 6.3 Long Blades
 * Level 3.3 Slings
 + Level 5.6 Armour
 + Level 1.3 Dodging
 + Level 5.0 Shields


You had 6 spell levels left.
You didn't know any spells.
Your spell library was empty.

Dungeon Overview and Level Annotations

Branches:
Dungeon (5/15)
 Temple: D:4-7

Altars:
Dithmenos
The Shining One
Lugonu

Shops:
D:2 *


Innate Abilities, Weirdness & Mutations

You have a pair of horns on your head.
You reflexively headbutt those who attack you in melee.


Message History

The gnoll closely misses you. The gnoll closely misses you.
The gnoll barely misses you. The gnoll hits you but does no damage.
The gnoll hits you from afar with a +0 halberd.
The gnoll barely misses you.
The gnoll hits you from afar with a +0 halberd!
* * * LOW HITPOINT WARNING * * *
You barely miss the gnoll. The gnoll closely misses you.
The gnoll hits you but does no damage.
You feel better. The gnoll hits you with a +0 flail.
The gnoll hits you from afar with a +0 halberd.
* * * LOW HITPOINT WARNING * * *
The gnoll hits you but does no damage. You block the gnoll's attack.
The gnoll barely misses you. Space bends around you!
You blink.
You barely miss the gnoll.
The gnoll is heavily wounded.
The gnoll hits you but does no damage.
The gnoll hits you from afar with a +0 halberd.
* * * LOW HITPOINT WARNING * * *
You feel better. The gnoll barely misses you. The gnoll closely misses you.
The gnoll hits you with a +0 flail!
* * * LOW HITPOINT WARNING * * *
The gnoll hits you from afar with a +0 halberd!
* * * LOW HITPOINT WARNING * * *
Aiming: Throw Flame
Press: ? - help, Q - select action, (/) - cycle Shift-Dir - straight line The puff of flame hits the gnoll.
The gnoll is almost dead.
The gnoll hits you with a +0 flail.
* * * LOW HITPOINT WARNING * * *
The gnoll hits you but does no damage.
Aiming: Throw Flame
Press: ? - help, Q - select action, (/) - cycle Shift-Dir - straight line The puff of flame hits the gnoll.
You kill the gnoll!
Lugonu accepts your kill.
You can now banish your foes.
You block the gnoll's attack.
The gnoll hits you from afar with a +0 halberd!
You die...

#.################.#
#.# #.# ..# #.# #.#
#.# #.#
##########.##
#...........#
#...#.##.###.#
##....##@# #)#
#.#####)# #.# ###
#.# #g# #.# .$. #.#
##g###.. .g. # #.#
##...#####g##.# #.#
#..#.# .......
#.#.#)###(......
#....#..)g.#
...#######g.#


You could see 2 gnolls.

Vanquished Creatures
  2 ogres (D:5)
  Blork the orc (D:5)
  2 scorpions
  A howler monkey (D:4)
  A bullfrog zombie (D:4)
  An orc priest (D:4)
  A hound (D:5)
  A jelly (D:5)
  A gnoll shaman (D:5)
  A centaur skeleton (D:5)
  Natasha (twice) (D:2)
  An orc wizard (D:4)
  5 gnolls
  5 adders
  A worm (D:2)
  A dart slug (D:1)
  5 orcs
  4 bats
  An endoplasm (D:3)
  A giant cockroach (D:1)
  5 goblins (D:2)
  5 hobgoblins
  5 kobolds
  2 quokkas
  2 ball pythons
  2 frilled lizards (D:1)
  3 rats
62 creatures vanquished.

Notes
Turn   | Place    | Note
-------+----------+-------------------------------------------
     0 | D:1      | joncairnes the Minotaur Fighter began the quest for the
                  | Orb.
     0 | D:1      | Reached XP level 1. HP: 19/19 MP: 0/0
    93 | D:1      | Upgraded the game from 0.28-a0-1524-ge72afd5fc6 to
                  | 0.28-a0-1555-g9ae15a6949
   239 | D:1      | Reached XP level 2. HP: 27/27 MP: 1/1
   354 | D:1      | Found a faded altar of an unknown god.
   380 | D:1      | Prayed at the altar of an unknown god.
   380 | D:1      | Became a worshipper of Lugonu the Unformed
   380 | D:1      | Reached * piety under Lugonu
   380 | D:1      | Reached ** piety under Lugonu
   739 | D:2      | Reached XP level 3. HP: 31/34 MP: 2/2
   745 | D:2      | Noticed Natasha
   837 | D:2      | Reached skill level 3 in Long Blades
   944 | D:2      | Killed Natasha
  1012 | D:2      | Noticed Natasha
  1021 | D:2      | Killed Natasha
  1022 | D:2      | Reached XP level 4. HP: 17/41 MP: 3/3
  1192 | D:2      | Found Ahutall's General Store.
  1423 | D:3      | Found a shadowy altar of Dithmenos.
  1622 | D:3      | Reached skill level 4 in Long Blades
  1630 | D:3      | Reached XP level 5. HP: 41/47 MP: 4/4
  1967 | D:4      | Found a glowing golden altar of the Shining One.
  1982 | D:4      | Reached skill level 1 in Slings
  2011 | D:4      | Upgraded the game from 0.28-a0-1555-g9ae15a6949 to
                  | 0.28-a0-1567-g1695149f81
  2083 | D:4      | Reached skill level 5 in Armour
  2083 | D:4      | Reached XP level 6. HP: 12/53 MP: 5/5
  2096 | D:4      | HP: 1/53 [orc priest (6)]
  2120 | D:4      | Reached skill level 5 in Long Blades
  2447 | D:5      | Entered Level 5 of the Dungeon
  2546 | D:5      | Noticed Blork the orc
  2554 | D:5      | Killed Blork the orc
  2564 | D:5      | Reached skill level 1 in Dodging
  2688 | D:5      | Reached skill level 5 in Fighting
  2688 | D:5      | Reached XP level 7. HP: 61/61 MP: 6/6
  2706 | D:5      | Reached skill level 6 in Long Blades
  2806 | D:5      | Reached skill level 5 in Shields
  3107 | D:5      | HP: 2/61 [gnoll (3)]
  3108 | D:5      | Reached *** piety under Lugonu
  3108 | D:5      | Slain by a gnoll

Illustrated notes

Levels and vault maps discovered:
D:1:      dpeg_arrival_rooms_c, layout_loops_ring, serial_rivers,
          chequers_serial_rivers_micro_e, chequers_serial_rivers_micro_a,
          chequers_serial_rivers_micro_e, chequers_serial_rivers_large_b,
          chequers_serial_rivers_micro_e, chequers_serial_rivers_micro_e,
          hellmonk_ecumenical_altar_prayer_group
D:2:      layout_loops_cross, serial_shops, shop_fountains, uniq_natasha
D:3:      layout_basic, mainiacjoe_overflow_concentric_impassable,
          serial_aquarium, aquarium_bridge_island_small
          [aquarium_subvault_small_water, aquarium_subvault_bridge,
          aquarium_subvault_wall, aquarium_subvault_bridge,
          aquarium_subvault_bridge], aquarium_window_2, aquarium_window_fake,
          aquarium_window_1, aquarium_window_fake, aquarium_view_2f,
          aquarium_view_2c
D:4:      layout_rooms, nicolae_overflow_hidden_temple
D:5:      layout_loops_ring, minmay_temple_entry_metal_lava, uniq_blork_the_orc

Skill      XL: |  1  2  3  4  5  6  7 |
---------------+----------------------+-----
Armour         | 4 5 |  5.6
Fighting       | 4 5 |  5.3
Shields        | 4 5 |  5.0
Long Blades    | 3 4 5 6 |  6.3
Slings         | 1 2 3 |  3.3
Dodging        | 1 |  1.3

Action                   |  1- 3 |  4- 6 |  7- 9 || total
-------------------------+-------+-------+-------++-------
Melee: Long sword        |    78 |    88 |    11 ||   177
       Headbutt          |     5 |    17 |     4 ||    26
       Falchion          |       |    24 |    13 ||    37
 Fire: Hunting sling     |     2 |    11 |     9 ||    22
Invok: Bend Space        |       |       |     1 ||     1
Evoke: Wand              |       |       |     3 ||     3
  Use: Potion            |     1 |     4 |     2 ||     7
       Scroll            |     1 |     4 |     1 ||     6
Armor: Scale mail        |     5 |       |       ||     5
       Chain mail        |    50 |    60 |    12 ||   122
Dodge: Dodged            |    29 |    38 |    24 ||    91
Block: Buckler           |    16 |    22 |    14 ||    52

Table legend: (Time is in decaauts)
 A = Elapsed time spent in this place.
 B = Non-inter-level travel time spent in this place.
 C = Inter-level travel time spent in this place.
 D = Time resting spent in this place.
 E = Time spent auto-exploring this place.
 F = Levels seen in this place.
 G = Mean time per level.
                   A        B        C        D        E       F      G
               +--------+--------+--------+--------+--------+-----+--------+
         Total |   3204 |   2787 |    417 |    228 |      0 |   5 |  640.8 |
       Dungeon |   3204 |   2787 |    417 |    228 |      0 |   5 |  640.8 |
               +--------+--------+--------+--------+--------+-----+--------+

Top non-repeatable levels by time:
     D:1: 891 daAuts
     D:3: 734 daAuts
     D:5: 662 daAuts
     D:4: 490 daAuts
     D:2: 425 daAuts
